 Dungeon Crawl Stone Soup version 0.20.1-1-g8b1a95d66d (webtiles) character file.

212288 Jannitor the Covert (level 17, -4/97 HPs)
             Began as a Deep Elf Chaos Knight on Dec 19, 2017.
             Slain by an air elemental (9 damage)
             ... in a wizard's laboratory on Dec 27, 2017.
             The game lasted 03:15:56 (48382 turns).

Jannitor the Covert (Deep Elf Chaos Knight)        Turns: 48382, Time: 03:15:57

Health: -4/97      AC: 23    Str: 16    XL:     17   Next: 77%
Magic:  45/45      EV: 20    Int: 21    God:    Xom [...*..]
Gold:   741        SH:  0    Dex: 17    Spells: 12/42 levels left

rFire    + + .     SeeInvis +   t - +9 quick blade
rCold    + + +     Gourm    .   M - +0 buckler "Qiutolav" {rPois Str+2 SInv}
rNeg     + . .     Faith    .   f - +4 ring mail of Chill Winds {Dex+3}
rPois    +         Spirit   .   U - -2 hat of the Alchemist {rElec rPois rF+ rC+ rN+ MR+ rMut rCorr}
rElec    +         Reflect  .   z - +2 cloak
rCorr    +         Harm     .   A - +1 pair of gloves {Str+3}
rMut     +                      B - +2 pair of boots
MR       ++++.                  X - amulet of rage
Stlth    ++........             D - ring of magical power
Regen    0.3/turn               j - +2 ring of protection
MPRegen  0.3/turn

@: confused, berserk cooldown, slowed, very slow
A: antennae 1, beak, claws 1, rugged brown scales 1, thin metallic scales 1,
cold resistance 2, dopey 1, fire resistance 1, frail 1, magic resistance 2
}: 2/15 runes: serpentine, abyssal
a: Renounce Religion, Evoke Berserk Rage


You were in a wizard's laboratory.
You worshipped Xom.
You were a favourite toy of Xom.
You were not hungry.

You visited 5 branches of the dungeon, and saw 28 of its levels.
You visited the Abyss 1 time.
You also visited: Bailey, Ice Cave, Volcano and Wizlab.

You collected 3990 gold pieces.
You spent 3249 gold pieces at shops.

Inventory:

Hand Weapons
 t - a +9 quick blade (weapon)
Missiles
 L - 9 throwing nets (quivered)
 S - 327 arrows
Armour
 f - the +4 ring mail of Chill Winds (worn) {Dex+3}
   (You bought it in a shop on level 9 of the Dungeon)

   It affects your dexterity (+3).
 z - a +2 cloak (worn)
 A - a +1 pair of gloves of strength (worn)
 B - a +2 pair of boots (worn)
 M - the +0 buckler "Qiutolav" (worn) {rPois Str+2 SInv}
   (Xom gifted it to you on level 6 of the Lair of Beasts)

   It affects your strength (+2).
   It protects you from poison.
   It lets you see invisible.
 U - the -2 hat of the Alchemist (worn) {rElec rPois rF+ rC+ rN+ MR+ rMut rCorr}
   (You found it in a bailey)

   It protects you from fire.
   It protects you from cold.
   It insulates you from electricity.
   It protects you from poison.
   It protects you from negative energy.
   It affects your resistance to hostile enchantments.
   It protects you from acid and corrosion.
   It protects you from mutation.
Magical Staves
 s - an uncursed staff of earth {unknown}
Jewellery
 j - a +2 ring of protection (right hand)
 D - a ring of magical power (left hand)
 X - an amulet of rage (around neck)
Wands
 a - a wand of disintegration (13/24)
 b - a wand of confusion (48/48)
 w - a wand of digging (16/24)
 Y - a wand of enslavement (12/24)
Scrolls
 m - a scroll of fear
 n - 2 scrolls of amnesia
 v - a scroll of magic mapping
 F - 7 scrolls of remove curse
 G - 6 scrolls of enchant armour
 I - a scroll of fog
 J - 2 scrolls of blinking
 P - a scroll of recharging
 Q - 3 scrolls of identify
 T - 2 scrolls of vulnerability
Potions
 d - 4 potions of brilliance
 e - 7 potions of curing
 k - 3 potions of flight
 l - a potion of berserk rage
 o - a potion of invisibility
 E - a potion of might
 H - a potion of resistance
 N - 4 potions of magic
 R - a potion of cancellation
 V - 4 potions of mutation
Books
 x - a book of Spatial Translocations

   Spells                             Type                      Level
   a - Blink                          Translocation                2
   b - Shroud of Golubria             Charms/Translocation         2
   c - Lesser Beckoning               Translocation                3
   d - Gell's Gravitas                Translocation                3
   e - Teleport Other                 Translocation                3
   f - Passage of Golubria            Translocation                4
 C - a book of Flames

   Spells                             Type                      Level
   a - Flame Tongue                   Conjuration/Fire             1
   b - Throw Flame                    Conjuration/Fire             2
   c - Conjure Flame                  Conjuration/Fire             3
   d - Inner Flame                    Hexes/Fire                   3
   e - Sticky Flame                   Conjuration/Fire             4
   f - Fireball                       Conjuration/Fire             5
 O - a book of Maledictions

   Spells                             Type                      Level
   a - Corona                         Hexes                        1
   b - Ensorcelled Hibernation        Hexes/Ice                    2
   c - Confuse                        Hexes                        3
   d - Tukima's Dance                 Hexes                        3
   e - Dazzling Spray                 Conjuration/Hexes            3
 W - a book of Power

   Spells                             Type                      Level
   a - Iskenderun's Battlesphere      Conjuration/Charms           5
   b - Venom Bolt                     Conjuration/Poison           5
   c - Bolt of Magma                  Conjuration/Fire/Earth       5
   d - Iron Shot                      Conjuration/Earth            6
   e - Orb of Destruction             Conjuration                  7
   f - Spellforged Servitor           Conjuration/Summoning        7
Miscellaneous
 p - a lamp of fire
 Z - a fan of gales
Comestibles
 c - 9 bread rations
 h - 29 fruits
 i - 12 royal jellies
 q - 13 meat rations


   Skills:
 + Level 11.6 Fighting
 - Level 8.1 Short Blades
 + Level 10.2 Armour
 + Level 13.4 Dodging
 + Level 14.2 Stealth
 - Level 4.0 Shields
 + Level 13.2 Spellcasting
 - Level 9.2 Hexes
 - Level 7.7 Summonings
 + Level 4.0 Translocations
 - Level 10.0 Transmutations
 - Level 0.2 Air Magic
 + Level 12.7 Earth Magic
 - Level 5.5 Evocations


You had 12 spell levels left.
You knew the following spells:

 Your Spells              Type           Power        Failure   Level  Hunger
a - Confuse               Hex            ######..     1%          3    None
b - Petrify               Tmut/Erth      ######..     1%          4    None
c - Sticks to Snakes      Tmut           ######..     1%          2    None
d - Blink                 Tloc           N/A          2%          2    None
e - Lee's Rapid Deconstr  Erth           ######....   1%          5    ####...
f - Dazzling Spray        Conj/Hex       ####..       3%          3    None
g - Summon Lightning Spi  Summ/Air       ####....     16%         4    None
h - Yara's Violent Unrav  Hex/Tmut       ######....   4%          5    ####...
i - Passwall              Tmut/Erth      ######....   1%          2    None


Dungeon Overview and Level Annotations

Branches:
Dungeon (15/15)            Temple (0/1) D:7            Lair (6/6) D:9
 Shoals (0/4) Lair:2        Snake (4/4) Lair:4        Slime (0/5) Lair:6
    Orc (2/2) D:11            Elf (0/3) Orc:2        Vaults (1/5) D:13
 Depths (0/5) D:15

Altars:
Dithmenos
Elyvilon
Okawaru
Xom
The Shining One
Beogh
Jiyva

Shops:
D:8 [   D:9 [*[*!   Orc:2 }!([

Annotations:
D:5 1 runed door
Lair:2 Gastronok
Lair:3 exclusion: oklob plant
Lair:5 exclusion: downstairs


Innate Abilities, Weirdness & Mutations

You have a pair of small antennae on your head.
You have a beak for a mouth.
You have sharp fingernails.
You are partially covered in rugged brown scales. (AC +1, +3% HP)
You are partially covered in thin metallic scales. (AC +2)
Your flesh is very cold resistant. (rC++)
You are dopey. (Int -2)
Your flesh is heat resistant. (rF+)
You are frail. (-10% HP)
You are highly resistant to hostile enchantments. (MR++)


Message History

Your adder barely misses the air elemental.
The air elemental hits you.
* * * LOW HITPOINT WARNING * * *
Your adder closely misses the air elemental. x2
The air elemental hits you but does no damage.
Your adder barely misses the air elemental.
Unknown command.
The air elemental barely misses you.
The air elemental completely misses you.
Your adder barely misses the air elemental.
Your adder misses the air elemental. The air elemental hits you.
* * * LOW HITPOINT WARNING * * *
The spriggan air mage waves its arms in wide circles.
The air twists around and strikes you!
* * * LOW HITPOINT WARNING * * *
Your adder misses the air elemental.
Your adder bites the air elemental but does no damage.
The air elemental hits you!
You die...
Xom cackles wildly!

≈≈≈≈#▓▓§§.iE...§.§
≈≈≈▓▓.§§§.§#####
≈≈▓▓§.§§.§##...##
≈≈▓.§§§.k##.....##
≈≈▓▓§.§i▓#.......#
≈≈▓.§§§..#.∩.∩.∩.#
≈≈▓..§.EE#.......#
≈≈▓▓....§##.§§..## §E
≈≈≈▓...§Ei##SS@##▓§§.
≈≈≈▓▓..§§§.##E##▓▓▓§§
≈≈≈≈▓..E§§.§.i{▓▓▓§§.
≈≈≈≈▓▓.§§§.§§§..▓▓▓.§
≈≈≈≈≈▓▓..§§....▓▓≈▓▓▓
≈≈≈≈≈≈▓▓▓.§§§.▓▓≈≈≈≈▓
≈≈≈≈≈≈≈≈▓▓§§§▓▓≈≈≈≈≈▓
≈≈≈≈≈≈≈≈▓▓§▓▓≈≈≈≈≈▓▓
≈≈≈≈≈≈≈≈▓▓▓≈≈≈≈≈▓▓k


You could see a spriggan air mage, an air elemental and 2 friendly adders.

Vanquished Creatures
  2 liches (Abyss:3)
  An Executioner (Abyss:3)
  Donald (Orc:2)
  An azure jelly (Orc:2)
  8 nagarajas
  An orc warlord (Orc:2)
  Louise (Snake:2)
  The ghost of keat06 the Spry, a journeyman MiFi of Okawaru (Lair:6)
  A very ugly thing (Snake:1)
  2 ettins
  A fire dragon (Vaults:1)
  2 vault guards (D:13)
  An ice dragon (Lair:6)
  9 naga warriors
  A spriggan air mage (WizLab)
  11 hydras
  Harold (D:11)
  A catoblepas (D:15)
  11 anacondas
  3 centaur warriors
  A queen ant (shapeshifter) (Lair:5)
  2 ogre magi (D:15)
  6 two-headed ogres
  A tengu warrior (D:15)
  3 thrashing horrors (Abyss:3)
  Urug (Lair:4)
  12 naga sharpshooters
  3 orc high priests
  8 shock serpents
  A wretched star (Abyss:3)
  A sixfirhy (Abyss:3)
  A salamander mystic (Snake:3)
  2 unseen horrors
  A shadow demon (Abyss:3)
  A deep troll (D:15)
  3 sea snakes (Snake:1)
  4 naga ritualists
  2 lindwurms (Lair:6)
  2 wizards
  3 orc knights
  8 mana vipers
  10 ugly things
  2 orc sorcerers (Orc:2)
  2 necromancers (D:13)
  8 deep elf magi
  3 wolf spiders
  2 worldbinders (Abyss:3)
  8 salamanders
  2 manticores
  3 cyclopes
  2 vault sentinels (Vaults:1)
  3 guardian serpents
  2 ice statues (IceCv)
  39 black mambas
  4 torpor snails (Lair:6)
  A water nymph (Snake:1)
  3 smoke demons (Abyss:3)
  15 spiny frogs
  14 naga magi
  4 kobold demonologists
  4 centaur skeletons
  A gargoyle (D:10)
  10 komodo dragons
  3 rime drakes
  3 yaktaurs
  A freezing wraith (Abyss:3)
  An ancient zyme (Abyss:3)
  An efreet (D:15)
  13 ice devils (IceCv)
  6 trolls
  2 wind drakes
  A merfolk (D:12)
  A large abomination (Abyss:3)
  4 tyrant leeches (Lair:6)
  2 polar bears
  11 hornets
  A raiju (Abyss:3)
  A blink frog (shapeshifter) (D:15)
  5 slime creatures (D:14)
  8 hippogriffs
  3 redbacks (Lair:6)
  A spriggan (shapeshifter) (Vaults:1)
  A shadow (D:15)
  10 air elementals (WizLab)
  11 wyverns
  A yak (shapeshifter) (Abyss:3)
  A ynoxinul (Abyss:3)
  2 wraiths
  20 humans (D:13)
  4 small abominations (Abyss:3)
  5 basilisks
  A hog (Lair:6)
  26 yaks
  4 fire bats
  A neqoxec (Abyss:3)
  A golden eye (Abyss:3)
  5 vampire mosquitoes
  2 insubstantial wisps (WizLab)
  A warg (D:11)
  Menkaure (D:7)
  63 nagas
  An acid dragon (D:12)
  20 water moccasins
  8 porcupines
  A floating eye (shapeshifter) (D:15)
  3 ice beasts
  50 orc warriors
  3 black bears
  A phantom (D:11)
  An eye of draining (D:14)
  2 wolves (Lair:1)
  4 sky beasts
  14 ogres
  3 necrophages
  5 centaurs
  8 crocodiles
  5 big kobolds
  8 gnoll sergeants (Bailey)
  19 bullfrogs
  2 wyvern zombies
  4 scorpions
  13 wights
  7 killer bees
  An electric eel (D:8)
  A howler monkey (D:11)
  6 crimson imps
  A quasit (D:11)
  2 centaur zombies
  8 jellies
  30 orc priests
  A wyvern simulacrum (D:14)
  8 hounds
  29 orc wizards
  3 bullfrog skeletons
  A bullfrog zombie (D:12)
  4 gnoll shamans (Bailey)
  6 iguanas
  14 worker ants
  3 hound zombies
  A hound skeleton (D:5)
  A howler monkey zombie (D:7)
  23 gnolls
  10 adders
  3 shadow imps
  11 white imps
  4 ufetubi (IceCv)
  2 oozes
  An adder zombie (D:8)
  An adder skeleton (D:5)
  2 worms
  4 dart slugs
  4 leopard geckos
  149 orcs
  2 bats (D:3)
  12 giant cockroaches
  8 goblins
  9 hobgoblins
  9 jackals
  16 kobolds
  3 quokkas
  A ball python (D:4)
  3 frilled lizards
  A quokka skeleton (D:6)
  A rat (shapeshifter) (D:1)
  10 rats
  A fungus (Lair:3)
1088 creatures vanquished.

Vanquished Creatures (collateral kills)
  A two-headed ogre (D:9)
  An orc high priest (Orc:2)
  Nergalle (D:11)
  A black mamba (Snake:3)
  A torpor snail (Lair:6)
  An air elemental (WizLab)
  A wyvern (Lair:6)
  2 yaks
  A water moccasin (Lair:6)
  4 orc warriors (D:11)
  An ogre (D:11)
  A crocodile (Lair:6)
  An electric eel (Snake:1)
  2 gnoll shamans (Bailey)
  2 gnolls (Bailey)
  19 orcs
  A fungus (Lair:6)
  A plant (Lair:6)
42 creatures vanquished.

Vanquished Creatures (others)
  A blizzard demon (IceCv)
  Fannar (Lair:3)
  A dancing weapon (Orc:2)
  A deep elf mage (Orc:1)
  A golden eye (Abyss:3)
  An orc warrior (Orc:1)
  A killer bee (Abyss:3)
  An orc priest (Orc:1)
  A white imp (IceCv)
  4 ufetubi
  2 orcs
  A bush (Lair:6)
  19 fungi
  49 plants
  4 starspawn tentacles (Abyss:3)
88 creatures vanquished.

Grand Total: 1218 creatures vanquished

Notes
Turn   | Place    | Note
-------+----------+-------------------------------------------
     0 | D:1      | Jannitor the Deep Elf Chaos Knight began the quest for the Orb.
     0 | D:1      | Reached XP level 1. HP: 13/13 MP: 3/3
    17 | D:1      | XOM: potion effect (haste)
    19 | D:1      | XOM: harmless Air miscast
    66 | D:1      | Reached XP level 2. HP: 18/18 MP: 4/4
    68 | D:1      | XOM: divination: magic mapping
   127 | D:1      | XOM: silly message
   181 | D:1      | XOM: divination: detect items
   275 | D:1      | XOM: divination: detect items
   557 | D:1      | XOM: harmless Erth miscast
   571 | D:1      | Reached XP level 3. HP: 20/22 MP: 5/5
   813 | D:1      | Gained mutation: Scrolls take you a little longer to read. [mutagenic meat]
   814 | D:1      | Gained mutation: Armour fits poorly on your strangely shaped body. [mutagenic meat]
   815 | D:1      | Gained mutation: You are dopey. (Int -2) [mutagenic meat]
  1117 | D:2      | Noticed an ogre
  1117 | D:2      | a worm changed into an ogre
  1138 | D:2      | XOM: confuse monster(s)
  1139 | D:2      | XOM: god gift: giant spiked club {god gift}
  1141 | D:2      | XOM: confuse monster(s)
  1142 | D:2      | XOM: 1-stop teleportation journey
  1339 | D:2      | Found a glowing golden altar of the Shining One.
  1496 | D:2      | XOM: give mutations
  1496 | D:2      | Gained mutation: You evolve. [Xom's grace]
  1496 | D:2      | Gained mutation: You rapidly evolve. [Xom's grace]
  1496 | D:2      | Gained mutation: You are robust. (+10% HP) [Xom's grace]
  1496 | D:2      | Gained mutation: Your flesh is heat resistant. (rF+) [Xom's grace]
  1594 | D:2      | Reached XP level 4. HP: 28/29 MP: 6/6
  1731 | D:2      | Gained mutation: You are weak. (Str -2) [evolution]
  1816 | D:3      | XOM: polymorph goblin -> leopard gecko
  2396 | D:3      | XOM: confuse monster(s)
  2607 | D:4      | Noticed a centaur
  2852 | D:3      | Gained mutation: You have a pair of small horns on your head. [evolution]
  2925 | D:3      | XOM: harmless Chrm miscast
  3232 | D:4      | XOM: scenery: create altars
  3235 | D:4      | Killed a centaur
  3235 | D:4      | Reached XP level 5. HP: 16/35 MP: 7/7
  3301 | D:4      | XOM: god gift: runed quick blade {god gift}
  3569 | D:3      | XOM: give mutations
  3569 | D:3      | Gained mutation: You are very dopey. (Int -4) [Xom's mischief]
  3569 | D:3      | Lost mutation: You rapidly evolve. [Xom's mischief]
  3569 | D:3      | Lost mutation: You are very dopey. (Int -4) [Xom's mischief]
  3579 | D:3      | XOM: give mutations
  3579 | D:3      | Gained mutation: You are partially covered in rugged brown scales. (AC +1, +3% HP) [Xom's grace]
  3579 | D:3      | Gained mutation: You have a somewhat thin skeletal structure. (Dex +2, Stealth) [Xom's grace]
  3705 | D:4      | XOM: mild Ice miscast
  3708 | D:4      | Reached XP level 6. HP: 26/41 MP: 8/8
  3875 | D:4      | Reached skill level 5 in Dodging
  3875 | D:4      | Reached skill level 1 in Stealth
  3912 | D:4      | XOM: summons friendly iron imp
  3927 | D:4      | Reached skill level 2 in Stealth
  3934 | D:4      | Reached skill level 5 in Short Blades
  4193 | D:4      | Gained mutation: Your movements are slightly less encumbered by armour. (ER -2) [evolution]
  4228 | D:5      | Entered Level 5 of the Dungeon
  4277 | D:5      | XOM: mild Fire miscast
  4289 | D:5      | XOM: fog
  4328 | D:5      | Reached XP level 7. HP: 48/48 MP: 9/9
  4559 | D:5      | Reached skill level 3 in Stealth
  4605 | D:5      | XOM: scenery: 1 doors open
  4669 | D:5      | XOM: god gift: 25 stones
  5014 | D:5      | Found a runed door.
  5272 | D:6      | XOM: god gift: short smoking staff {god gift}
  5472 | D:6      | XOM: harmless Tloc miscast
  5497 | D:6      | Found an iron altar of Okawaru.
  5557 | D:6      | XOM: divination: detect items
  5636 | D:6      | Reached skill level 4 in Stealth
  5720 | D:6      | Reached XP level 8. HP: 54/54 MP: 10/10
  6002 | D:6      | XOM is BORED!
  6002 | D:6      | XOM: noise
  6019 | D:6      | Reached skill level 5 in Stealth
  6025 | D:6      | XOM: noise
  6043 | D:6      | Reached skill level 5 in Fighting
  6103 | D:6      | XOM: god gift: 18 stones
  6241 | D:6      | XOM: harmless Fire miscast
  6243 | D:6      | XOM: give mutations
  6243 | D:6      | Lost mutation: You have a pair of small horns on your head. [Xom's mischief]
  6243 | D:6      | Lost mutation: Armour fits poorly on your strangely shaped body. [Xom's mischief]
  6243 | D:6      | Gained mutation: You are resistant to hostile enchantments. (MR+) [Xom's mischief]
  6250 | D:6      | XOM: summons 4 hostile demons
  6455 | D:7      | XOM: 1-stop teleportation journey
  6482 | D:7      | Noticed Menkaure
  6495 | D:7      | Killed Menkaure
  6532 | D:7      | XOM: polymorph ogre -> centaur
  6535 | D:7      | XOM: noise
  6538 | D:7      | XOM: swap monsters
  6542 | D:7      | XOM: stat loss: -1 Str (8/9)
  6555 | D:7      | Reached skill level 6 in Stealth
  6857 | D:7      | Found a staircase to the Ecumenical Temple.
  6874 | D:7      | XOM: noise
  6902 | D:7      | XOM: harmless Chrm miscast
  6904 | D:7      | XOM: confusion
  6906 | D:7      | XOM: give mutations
  6906 | D:7      | Gained mutation: Your body sometimes deteriorates upon taking damage. [Xom's mischief]
  6906 | D:7      | Lost mutation: Your body sometimes deteriorates upon taking damage. [Xom's mischief]
  6914 | D:7      | XOM: confusion
  6924 | D:7      | XOM: polymorph orc -> kobold
  7100 | D:7      | Reached XP level 9. HP: 61/61 MP: 11/11
  7103 | D:7      | XOM: scenery: create altars
  7249 | D:7      | Gained mutation: Your magical capacity is low. (-10% MP) [mutagenic meat]
  7279 | D:7      | Lost mutation: You have a somewhat thin skeletal structure. (Dex +2, Stealth) [mutagenic meat]
  7281 | D:7      | Lost mutation: You are dopey. (Int -2) [mutagenic meat]
  7282 | D:7      | Lost mutation: Your flesh is heat resistant. (rF+) [mutagenic meat]
  7283 | D:7      | Gained mutation: Your mind is acute. (Int +2) [mutagenic meat]
  7462 | D:7      | XOM: give mutation
  7462 | D:7      | Gained mutation: You are clumsy. (Dex -2) [Xom's mischief]
  7555 | D:7      | Lost mutation: Your magical capacity is low. (-10% MP) [evolution]
  7591 | D:7      | XOM: summons 4 hostile shadow creatures
  7639 | D:8      | Reached skill level 7 in Stealth
  7763 | D:8      | XOM: give mutations
  7763 | D:8      | Lost mutation: Scrolls take you a little longer to read. [Xom's mischief]
  7763 | D:8      | Gained mutation: You are very weak. (Str -4) [Xom's mischief]
  7763 | D:8      | Lost mutation: You are robust. (+10% HP) [Xom's mischief]
  7764 | D:8      | XOM: noise
  7907 | D:7      | XOM: divination: detect items
  7969 | D:7      | XOM: harmless Fire miscast
  8034 | D:8      | XOM: confusion (+ monsters)
  8042 | D:8      | XOM: silly message
  8368 | D:7      | XOM: cloud trail
  8457 | D:7      | Reached skill level 8 in Stealth
  8593 | D:7      | XOM: medium Air miscast
  8625 | D:7      | Lost mutation: Your mind is acute. (Int +2) [evolution]
  9076 | D:8      | XOM: 2-stop teleportation journey
  9174 | D:8      | XOM: blink monster(s)
  9198 | D:8      | XOM: summons 2 hostile shadow creatures
  9289 | D:7      | Reached XP level 10. HP: 49/62 MP: 12/12
  9450 | D:8      | XOM: 8-stop teleportation journey
  9452 | D:8      | XOM: harmless Ice miscast
  9585 | D:8      | Found Womitt's Antique Armour Shop.
  9589 | D:8      | Bought a shiny helmet for 187 gold pieces
  9704 | D:9      | Found Den Samn's Antique Armour Shoppe.
  9708 | D:9      | Bought a glowing leather armour for 135 gold pieces
  9735 | D:9      | Learned a level 3 spell: Confuse
  9740 | D:9      | Learned a level 4 spell: Petrify
  9840 | D:9      | Found Amupne's Assorted Antiques.
  9843 | D:9      | Bought a scroll labeled GUSEUTE ICLE for 29 gold pieces
  9854 | D:9      | Found Gulali's Antique Armour Shoppe.
  9854 | D:9      | Noticed a two-headed ogre
  9865 | D:9      | XOM: divination: detect items
  9891 | D:9      | XOM: summons friendly crimson imp
  9927 | D:9      | XOM: summons 10 friendly demons
  9932 | D:9      | Killed a two-headed ogre
  9932 | D:9      | Reached skill level 1 in Spellcasting
  9932 | D:9      | Reached skill level 1 in Hexes
 10017 | D:9      | XOM: destruction
 10029 | D:9      | XOM: enchant monster (good)
 10047 | D:8      | XOM: divination: detect items
 10348 | D:9      | XOM: 3-stop teleportation journey
 10407 | D:9      | Found Lekiq's General Store.
 10463 | D:9      | XOM: confusion
 10471 | D:9      | Found Coynyiko's Distillery.
 10478 | D:9      | XOM: potion effect (curing)
 10507 | D:9      | Reached XP level 11. HP: 52/67 MP: 11/26
 10657 | D:9      | Found a staircase to the Lair.
 10687 | D:9      | Reached skill level 9 in Stealth
 10699 | D:9      | XOM: summons friendly iron imp
 10737 | D:9      | Gained mutation: You occasionally shout uncontrollably at your foes. [evolution]
 10784 | D:9      | Reached skill level 1 in Earth Magic
 10836 | D:9      | Reached skill level 1 in Transmutations
 11153 | Lair:1   | Entered Level 1 of the Lair of Beasts
 11316 | Lair:1   | Reached skill level 1 in Evocations
 11488 | Lair:1   | XOM: polymorph wolf -> iguana
 11645 | Lair:1   | XOM: polymorph porcupine -> centaur
 11651 | Lair:1   | XOM: confuse monster(s)
 11886 | Lair:1   | Reached skill level 10 in Dodging
 12363 | Lair:2   | Lost mutation: You evolve. [potion of mutation]
 12363 | Lair:2   | Lost mutation: You are very weak. (Str -4) [potion of mutation]
 12363 | Lair:2   | Lost mutation: You are weak. (Str -2) [potion of mutation]
 12363 | Lair:2   | Gained mutation: Your flesh is cold resistant. (rC+) [potion of mutation]
 12397 | Lair:2   | XOM: confuse monster(s)
 12419 | Lair:2   | XOM: swap monsters
 12543 | Lair:2   | XOM: silly message
 12674 | Lair:2   | Learned a level 2 spell: Sticks to Snakes
 12742 | Lair:2   | Found a staircase to the Shoals.
 12880 | Lair:2   | XOM: confuse monster(s)
 12928 | Lair:2   | Noticed Gastronok
 13340 | Lair:2   | XOM: summons friendly iron imp
 13557 | Lair:3   | XOM: confuse monster(s)
 13690 | Lair:3   | Reached skill level 10 in Stealth
 13690 | Lair:3   | Reached XP level 12. HP: 64/74 MP: 27/27
 13731 | Lair:3   | Noticed an eight-headed hydra
 13759 | Lair:3   | Killed an eight-headed hydra
 13967 | Lair:3   | XOM: summons 4 hostile shadow creatures
 14276 | Lair:3   | Noticed Fannar
 14419 | Lair:3   | XOM: medium Fire miscast
 14419 | Lair:3   | Killed Fannar
 14432 | Lair:3   | Noticed a six-headed hydra
 14548 | Lair:3   | XOM: 1-stop teleportation journey
 14550 | Lair:3   | XOM: mild Chrm miscast
 14738 | Lair:3   | Killed a six-headed hydra
 14777 | Lair:3   | XOM: summons 2 hostile demons
 15089 | Lair:3   | XOM: confusion
 15263 | Lair:4   | XOM: god gift: 400 gold pieces
 15307 | Lair:4   | XOM: 3-stop teleportation journey
 15357 | Lair:4   | Found a staircase to the Snake Pit.
 15563 | Lair:4   | Found a dark tunnel.
 15574 | Lair:4   | Noticed a six-headed hydra
 15577 | Volcano  | Entered a volcano
 15666 | Volcano  | XOM: polymorph fire bat -> swamp drake
 15750 | Lair:4   | Noticed Urug
 15754 | Lair:4   | Noticed a five-headed hydra
 15765 | Lair:4   | Killed a five-headed hydra
 15765 | Lair:4   | Reached skill level 5 in Earth Magic
 15768 | Lair:4   | Killed Urug
 15768 | Lair:4   | Reached skill level 5 in Evocations
 16033 | Lair:4   | Noticed a seven-headed hydra
 16047 | Lair:4   | Killed a seven-headed hydra
 16047 | Lair:4   | Reached skill level 5 in Transmutations
 16158 | Lair:4   | XOM: summons friendly ufetubus
 16169 | Lair:4   | Killed a six-headed hydra
 16414 | Lair:4   | XOM: give mutations
 16414 | Lair:4   | Gained mutation: You have sharp fingernails. [Xom's grace]
 16414 | Lair:4   | Gained mutation: You have supernaturally acute eyesight. (SInv) [Xom's grace]
 16579 | Lair:5   | Learned a level 2 spell: Blink
 16591 | Lair:5   | XOM: harmless Chrm miscast
 16808 | D:8      | Bought a pair of embroidered boots for 187 gold pieces
 16907 | D:9      | Bought a steaming helmet for 313 gold pieces
 16917 | D:9      | Identified the +2 helmet of Inevitability {rF+ Str+4} (You bought it in a shop on level 9 of the Dungeon)
 16949 | D:9      | Bought a scroll of blinking for 90 gold pieces
 17202 | Lair:5   | XOM: noise
 17204 | Lair:5   | Reached skill level 11 in Stealth
 17268 | Lair:5   | Noticed a four-headed hydra
 17281 | Lair:5   | XOM: give mutation
 17314 | Lair:5   | Killed a four-headed hydra
 17407 | Lair:5   | XOM: summons 10 friendly demons
 17493 | Lair:5   | XOM: harmless Tmut miscast
 17500 | Lair:5   | Learned a level 5 spell: Lee's Rapid Deconstruction
 18005 | Lair:5   | XOM: 1-stop teleportation journey
 18170 | Lair:6   | Entered Level 6 of the Lair of Beasts
 18171 | Lair:6   | XOM: fog
 18179 | Lair:6   | XOM: noise
 18183 | Lair:6   | XOM: divine lightning
 18249 | Lair:5   | XOM: give mutations
 18249 | Lair:5   | Gained mutation: You have a beak for a mouth. [Xom's grace]
 18249 | Lair:5   | Lost mutation: You are clumsy. (Dex -2) [Xom's grace]
 18298 | Lair:6   | XOM: divination: magic mapping
 18309 | Lair:6   | XOM: smoke on damage
 18638 | Lair:6   | Noticed a seven-headed hydra
 18639 | Lair:6   | XOM: cast spell 'Discord'
 18713 | Lair:5   | XOM: polymorph black mamba -> yak
 18716 | Lair:5   | XOM: scenery: create altars
 18762 | Lair:5   | XOM: cloud trail
 18807 | Lair:5   | XOM: 1-stop teleportation journey
 18894 | Lair:5   | XOM: summons friendly white imp
 18898 | Lair:5   | XOM: enchant monster (good)
 19037 | Lair:4   | XOM: scenery: create altars
 19134 | D:9      | XOM: give mutations
 19134 | D:9      | Gained mutation: You possess an exceptional clarity of mind. [Xom's grace]
 19134 | D:9      | Gained mutation: You are partially covered in thin metallic scales. (AC +2) [Xom's grace]
 19134 | D:9      | Gained mutation: You have sharp toenails. [Xom's grace]
 19170 | D:10     | Entered Level 10 of the Dungeon
 19337 | D:10     | Reached XP level 13. HP: 80/81 MP: 28/28
 19343 | D:10     | Found a flagged portal.
 19350 | D:10     | XOM: harmless Air miscast
 19357 | Bailey   | Entered a bailey
 19418 | Bailey   | XOM: potion effect (magic)
 19464 | Bailey   | XOM: harmless Conj miscast
 19469 | Bailey   | XOM: give mutations
 19469 | Bailey   | Gained mutation: You are somewhat resistant to further mutation. [Xom's grace]
 19469 | Bailey   | Gained mutation: You are highly resistant to hostile enchantments. (MR++) [Xom's grace]
 19469 | Bailey   | Gained mutation: Your flesh is very cold resistant. (rC++) [Xom's grace]
 19831 | Bailey   | XOM: 4-stop teleportation journey
 20246 | D:10     | XOM: divination: detect creatures
 20720 | D:9      | XOM: harmless Tloc miscast
 20814 | D:9      | Bought a scorched ring mail for 243 gold pieces
 20814 | D:9      | Bought a pair of runed gloves for 202 gold pieces
 20829 | D:9      | Identified the +4 ring mail of Chill Winds {Dex+3} (You bought it in a shop on level 9 of the Dungeon)
 20905 | D:11     | XOM: swap monsters
 20944 | D:11     | Learned a level 3 spell: Dazzling Spray
 20980 | D:10     | XOM: chaos cloud
 20984 | D:10     | XOM: chaos cloud
 21271 | D:11     | Noticed Harold
 21274 | D:11     | Killed Harold
 21274 | D:11     | Reached skill level 1 in Armour
 21371 | D:11     | Found a roughly hewn altar of Beogh.
 21381 | D:11     | Found a staircase to the Orcish Mines.
 21484 | D:11     | XOM is BORED!
 21484 | D:11     | XOM: summons 4 hostile shadow creatures
 21652 | D:11     | XOM: mild Chrm miscast
 21791 | D:10     | XOM: god gift: potion of agility
 21843 | D:10     | XOM: cast spell 'Call Canine Familiar'
 21858 | D:11     | XOM: harmless Pois miscast
 21933 | D:11     | Noticed Nergalle
 21945 | D:11     | XOM: silly message
 21952 | D:11     | XOM: mild Tmut miscast
 21969 | D:11     | Killed Nergalle
 22041 | D:11     | Learned a level 4 spell: Summon Lightning Spire
 22230 | D:11     | XOM: potion effect (might)
 22236 | D:11     | XOM: enchant monster (bad)
 22240 | D:11     | XOM: summons friendly crimson imp
 22254 | D:11     | Reached skill level 1 in Summonings
 22770 | D:12     | Noticed Nessos
 22773 | D:12     | XOM: fake destruction
 22774 | D:12     | Noticed Nessos
 22774 | D:12     | Nessos changed into Nessos the wind drake
 22774 | D:12     | XOM: polymorph Nessos -> Nessos the wind drake
 22785 | D:12     | Killed Nessos the wind drake
 22892 | D:12     | XOM: scenery: create altars
 23534 | Orc:1    | Entered Level 1 of the Orcish Mines
 23616 | D:11     | XOM: potion effect (haste)
 23637 | Orc:1    | XOM: silly message
 23745 | D:9      | Bought an embroidered cloak for 247 gold pieces
 23979 | Orc:1    | XOM: summons 6 friendly demons
 23992 | Orc:1    | XOM: cleaving
 23997 | Orc:1    | XOM: summons friendly iron imp
 24010 | Orc:1    | XOM: divination: detect creatures
 24028 | D:11     | Learned a level 5 spell: Yara's Violent Unravelling
 24034 | D:11     | XOM: scenery: 2 fountains blood, 2 doors close
 24037 | Orc:1    | XOM: divine lightning
 24219 | Orc:1    | XOM: swap monsters
 24220 | Orc:1    | XOM: mild Summ miscast
 24459 | Orc:1    | XOM: divination: detect items
 24462 | Orc:1    | XOM: enchant monster (bad)
 24469 | Orc:1    | XOM: mild Erth miscast
 24474 | Orc:1    | XOM: enchant monster (good)
 24608 | Orc:1    | XOM: destruction
 24610 | Orc:1    | XOM: blink monster(s)
 24622 | Orc:1    | XOM: blink monster(s)
 24646 | Orc:1    | XOM: cast spell 'Ring of Flames'
 24930 | Orc:1    | Reached skill level 5 in Armour
 25007 | Orc:2    | Entered Level 2 of the Orcish Mines
 25016 | Orc:2    | Found a staircase to the Elven Halls.
 25026 | Orc:2    | Noticed an orc warlord
 25083 | Orc:2    | XOM: confuse monster(s)
 25291 | Orc:2    | Noticed an ettin
 25295 | Orc:2    | XOM: potion effect (haste)
 25302 | Orc:2    | Killed an ettin
 25349 | Orc:2    | Killed an orc warlord
 25647 | Orc:2    | XOM: noise
 25654 | Orc:2    | Reached XP level 14. HP: 66/88 MP: 17/29
 25896 | Orc:2    | Noticed an orc warlord
 25896 | Orc:2    | Noticed an azure jelly
 25896 | Orc:2    | an orc warlord changed into an azure jelly
 25896 | Orc:2    | XOM: polymorph orc warlord -> azure jelly
 25921 | Orc:2    | Killed an azure jelly
 25986 | Orc:2    | XOM: smoke on damage
 26047 | Orc:2    | Found a roughly hewn altar of Beogh.
 26050 | Orc:2    | Noticed Donald
 26054 | Orc:2    | Found Vaoritti's Gadget Boutique.
 26069 | Orc:2    | XOM: silly message
 26078 | Orc:2    | Killed Donald
 26156 | Orc:2    | Bought a lamp of fire for 600 gold pieces
 26213 | Orc:2    | XOM: chaos upgrade
 26218 | Orc:2    | Found Aluymaihae's Antique Weapon Shop.
 26218 | Orc:2    | Found a roughly hewn altar of Beogh.
 26218 | Orc:2    | XOM: 1-stop teleportation journey
 26226 | Orc:2    | XOM: smoke on damage
 26536 | Orc:2    | Found a roughly hewn altar of Beogh.
 26569 | Orc:2    | XOM: summons 5 hostile demons
 26591 | Orc:2    | XOM: give mutations
 26591 | Orc:2    | Lost mutation: You have supernaturally acute eyesight. (SInv) [Xom's mischief]
 26591 | Orc:2    | Lost mutation: Your movements are slightly less encumbered by armour. (ER -2) [Xom's mischief]
 26591 | Orc:2    | Lost mutation: You are somewhat resistant to further mutation. [Xom's mischief]
 26605 | Orc:2    | Found a roughly hewn altar of Beogh.
 26814 | Orc:1    | XOM: enchant monster (bad)
 26905 | Orc:1    | XOM: mild Hex miscast
 27034 | Orc:2    | Found a roughly hewn altar of Beogh.
 27045 | Orc:2    | XOM: medium Ice miscast
 27071 | Orc:2    | Found Edopuam's Distillery.
 27078 | Orc:2    | Bought a potion of resistance for 160 gold pieces
 27078 | Orc:2    | Bought a potion of cancellation for 128 gold pieces
 27163 | Orc:2    | XOM: summons 4 hostile shadow creatures
 27432 | Orc:2    | Found Umoot's Antique Armour Boutique.
 27554 | D:11     | XOM: summons 5 hostile demons
 27719 | Lair:3   | XOM is BORED!
 27719 | Lair:3   | XOM: mild Hex miscast
 27786 | Lair:6   | Noticed keat06's ghost (journeyman MiFi)
 27889 | Lair:5   | XOM: summons friendly shadow imp
 27900 | Lair:5   | Gained mutation: You have razor-sharp toenails. [mutagenic meat]
 27932 | Lair:5   | XOM: summons 1 hostile shadow creature
 27956 | Lair:6   | XOM: confuse monster(s)
 27959 | Lair:6   | XOM: snakes to sticks
 28198 | Lair:6   | Killed keat06's ghost
 28198 | Lair:6   | Reached skill level 5 in Summonings
 28211 | Lair:6   | XOM: mild Ice miscast
 28338 | Lair:6   | XOM: stat loss: -1 Str (13/14)
 28420 | Lair:6   | XOM: polymorph wyvern -> hog
 28563 | Lair:6   | XOM: mild Summ miscast
 28565 | Lair:6   | XOM: cast spell 'Discord'
 28604 | Lair:6   | XOM: harmless Hex miscast
 28787 | Lair:6   | Found a viscous altar of Jiyva.
 28787 | Lair:6   | Found a staircase to the Slime Pits.
 28809 | Lair:6   | XOM: 1-stop teleportation journey
 29265 | Lair:6   | XOM: give mutations
 29265 | Lair:6   | Lost mutation: You occasionally shout uncontrollably at your foes. [Xom's mischief]
 29265 | Lair:6   | Lost mutation: You have razor-sharp toenails. [Xom's mischief]
 29265 | Lair:6   | Gained mutation: Armour fits poorly on your strangely shaped body. [Xom's mischief]
 29265 | Lair:6   | Lost mutation: You possess an exceptional clarity of mind. [Xom's mischief]
 29312 | Lair:6   | XOM: god gift: fine buckler {god gift}
 29313 | Lair:6   | Got a fine buckler {god gift}
 29330 | Lair:6   | Learned a level 2 spell: Passwall
 29330 | Lair:6   | Identified the +0 buckler "Qiutolav" {rPois Str+2 SInv} (Xom gifted it to you on level 6 of the Lair of Beasts)
 29349 | Lair:6   | XOM: potion effect (brilliance)
 29632 | Lair:6   | Reached skill level 1 in Shields
 29642 | Lair:6   | Found a runed door.
 29823 | Lair:6   | XOM: harmless Erth miscast
 29949 | Lair:6   | XOM: harmless Chrm miscast
 29954 | Lair:6   | XOM: noise
 30507 | Lair:1   | XOM: cloud trail
 30572 | D:9      | XOM: scenery: 1 doors open
 30711 | Orc:2    | Bought a distressingly furry ring mail for 351 gold pieces
 30711 | Orc:2    | Identified the +2 ring mail "Put-Me-On" {rElec rF- rCorr Stlth+} (You bought it in a shop on level 2 of the Orcish Mines)
 31337 | D:13     | XOM: silly message
 31357 | D:13     | Reached XP level 15. HP: 89/94 MP: 30/30
 31363 | D:13     | XOM: harmless Necr miscast
 31772 | D:13     | XOM: potion effect (brilliance)
 31778 | D:13     | XOM: potion effect (berserk rage)
 31785 | D:13     | XOM: divination: detect items
 31886 | D:13     | XOM: potion effect (might)
 31902 | D:13     | Reached skill level 10 in Fighting
 31907 | D:13     | XOM: harmless Necr miscast
 31917 | D:13     | XOM: summons 15 friendly demons
 31935 | D:13     | Found a gate to the Vaults.
 32107 | D:14     | XOM: summons 4 friendly demons
 32340 | D:14     | XOM is BORED!
 32340 | D:14     | Found a shadowy altar of Dithmenos.
 32340 | D:14     | XOM: 4-stop teleportation journey
 32355 | D:14     | XOM: summons 2 friendly demons
 32376 | D:13     | XOM: give mutations
 32376 | D:13     | Gained mutation: Scrolls take you a little longer to read. [Xom's mischief]
 32376 | D:13     | Gained mutation: Your spells are a little harder to cast, but a little more powerful. [Xom's mischief]
 32376 | D:13     | Lost mutation: Scrolls take you a little longer to read. [Xom's mischief]
 32402 | D:13     | XOM: mild Necr miscast
 32641 | D:14     | XOM: confuse monster(s)
 32821 | D:14     | XOM: noise
 32826 | D:14     | Reached skill level 10 in Earth Magic
 32846 | D:14     | XOM: harmless Summ miscast
 32850 | D:14     | XOM: mild Tmut miscast
 32863 | D:14     | XOM: harmless Conj miscast
 33083 | D:14     | XOM: harmless Hex miscast
 33171 | D:14     | XOM: give mutations
 33171 | D:14     | Gained mutation: You have a somewhat thin skeletal structure. (Dex +2, Stealth) [Xom's grace]
 33171 | D:14     | Gained mutation: Your spells are harder to cast, but more powerful. [Xom's grace]
 33171 | D:14     | Gained mutation: You possess an exceptional clarity of mind. [Xom's grace]
 33171 | D:14     | Gained mutation: You are somewhat resistant to further mutation. [Xom's grace]
 33257 | D:14     | XOM: repel stairs
 33284 | D:14     | XOM: god gift: royal jelly
 33349 | D:15     | Entered Level 15 of the Dungeon
 33421 | D:15     | XOM: harmless Fire miscast
 33656 | D:15     | XOM: potion effect (heal wounds)
 33674 | D:15     | XOM: medium Necr miscast
 33907 | D:15     | Reached skill level 10 in Spellcasting
 33907 | D:15     | XOM: mild Chrm miscast
 33916 | D:15     | XOM: divine lightning
 33960 | D:15     | Found a staircase to the Depths.
 33971 | D:15     | XOM: cleaving
 34078 | D:15     | XOM: 6-stop teleportation journey
 34122 | D:15     | XOM: noise
 34433 | D:15     | XOM: chaos upgrade
 34499 | D:14     | XOM: scenery: 2 doors open
 34708 | Snake:1  | Entered Level 1 of the Snake Pit
 34729 | Snake:1  | XOM: divination: detect creatures
 34738 | Snake:1  | XOM: swap monsters
 35031 | Snake:1  | XOM: polymorph shock serpent -> water nymph
 35033 | Snake:1  | XOM: summons friendly iron imp
 35035 | Snake:1  | XOM: swap monsters
 35048 | Snake:1  | XOM: god gift: scroll of teleportation
 35158 | Snake:1  | XOM: scenery: create altars
 35298 | Snake:1  | Reached skill level 10 in Transmutations
 35379 | Snake:1  | XOM: blink monster(s)
 35385 | Snake:1  | XOM: polymorph shock serpent -> wolf spider
 35391 | Snake:1  | XOM: summons friendly crimson imp
 35399 | Snake:1  | Reached XP level 16. HP: 55/100 MP: 27/32
 35696 | Snake:1  | Found a white marble altar of Elyvilon.
 35799 | Snake:1  | XOM: summons friendly quasit
 35834 | Snake:1  | XOM: summons friendly shadow imp
 35849 | Snake:1  | XOM: polymorph soldier ant -> shapeshifter
 35877 | Lair:4   | XOM: noise
 35996 | Lair:4   | XOM: silly message
 36048 | Lair:4   | XOM: cleaving
 36058 | Lair:4   | XOM: swap monsters
 36199 | Snake:1  | XOM: cast spell 'Summon Small Mammal'
 36220 | Snake:1  | Reached skill level 12 in Stealth
 36246 | Snake:1  | XOM: divination: detect creatures
 36258 | Snake:1  | XOM: summons friendly shadow imp
 36368 | Snake:1  | XOM: summons 1 hostile shadow creature
 36630 | Snake:1  | XOM: divination: detect items
 36692 | Snake:1  | XOM: scenery: create altars
 36765 | Snake:1  | XOM: give mutations
 36765 | Snake:1  | Gained mutation: Your flesh is heat resistant. (rF+) [Xom's grace]
 36765 | Snake:1  | Gained mutation: You are agile. (Dex +2) [Xom's grace]
 36765 | Snake:1  | Gained mutation: You have a pair of small horns on your head. [Xom's grace]
 36765 | Snake:1  | Gained mutation: Your system is resistant to poisons. (rPois) [Xom's grace]
 36952 | Snake:1  | XOM: cast spell 'Monstrous Menagerie'
 36958 | Snake:1  | XOM: potion effect (might)
 37172 | Snake:1  | XOM: harmless Chrm miscast
 37653 | Snake:2  | XOM: harmless Air miscast
 37656 | Snake:2  | Identified the +3 long sword of Symmetry {venom, *Contam rElec rF+ Str+3} (You found it on level 2 of the Snake Pit)
 37698 | Snake:2  | Found a frozen archway.
 37704 | Snake:2  | XOM: confuse monster(s)
 37725 | Snake:2  | XOM: fog
 37730 | Snake:2  | XOM: medium Hex miscast
 37731 | Snake:2  | XOM: harmless Air miscast
 37738 | Snake:2  | XOM: harmless Tloc miscast
 37744 | Snake:1  | XOM: scenery: create altars
 37776 | Snake:1  | XOM: harmless Summ miscast
 38016 | Snake:2  | XOM: chaos upgrade
 38044 | Snake:2  | XOM: enchant monster (bad)
 38127 | Snake:2  | XOM: 2-stop teleportation journey
 38133 | Snake:2  | XOM: severe Pois miscast
 38175 | IceCv    | Entered an ice cave
 38864 | IceCv    | XOM: medium Necr miscast
 38870 | IceCv    | XOM: give mutations
 38870 | IceCv    | Lost mutation: You possess an exceptional clarity of mind. [Xom's mischief]
 38870 | IceCv    | Lost mutation: You have a somewhat thin skeletal structure. (Dex +2, Stealth) [Xom's mischief]
 38870 | IceCv    | Lost mutation: You have sharp toenails. [Xom's mischief]
 38870 | IceCv    | Lost mutation: You are agile. (Dex +2) [Xom's mischief]
 38988 | IceCv    | XOM: noise
 39153 | IceCv    | Identified the +6 demon trident "Leviticus" {drain, *Contam rF+ MR+ Dex+3} (You found it in an ice cave)
 39305 | Snake:2  | XOM: noise
 39335 | Snake:2  | XOM: harmless Air miscast
 39337 | Snake:2  | XOM: harmless Ice miscast
 39366 | Snake:2  | XOM: blink monster(s)
 39680 | Snake:2  | XOM: summons 9 friendly demons
 39861 | Snake:2  | XOM: swap monsters
 40154 | Snake:2  | Reached skill level 13 in Stealth
 40174 | Snake:2  | XOM is BORED!
 40174 | Snake:2  | XOM: mild Necr miscast
 40469 | Snake:2  | XOM: repel stairs
 40571 | Snake:3  | Noticed Louise
 40577 | Snake:3  | XOM: fog
 40592 | Snake:2  | Killed Louise
 40784 | Snake:3  | XOM: summons 5 friendly demons
 40955 | Snake:3  | XOM: god gift: 5 meat rations
 41444 | Snake:3  | XOM: confuse monster(s)
 41641 | Snake:3  | XOM: god gift: ring of magical power {god gift}
 41708 | Snake:3  | XOM: divination: detect items
 41799 | Snake:3  | XOM: god gift: 23 arrows
 42054 | Snake:4  | Entered Level 4 of the Snake Pit
 42175 | Snake:4  | XOM: cast spell 'Summon Mana Viper'
 42313 | Snake:4  | XOM: cast spell 'Call Canine Familiar'
 42328 | Snake:3  | Reached XP level 17. HP: 73/106 MP: 32/35
 42355 | Snake:3  | XOM: silly message
 42431 | Snake:3  | XOM: medium Ice miscast
 43144 | Snake:4  | XOM: blink monster(s)
 43401 | Snake:4  | XOM: harmless Air miscast
 43830 | Snake:4  | XOM: silly message
 43850 | Snake:4  | XOM: confusion
 43925 | Snake:4  | Reached skill level 1 in Translocations
 43942 | Snake:4  | XOM: chaos upgrade
 43959 | Snake:4  | XOM: summons 5 hostile demons
 44119 | Snake:4  | XOM: confusion (+ monsters)
 44403 | Snake:4  | XOM: 5-stop teleportation journey
 44507 | Snake:4  | XOM: swap monsters
 44617 | Snake:4  | XOM: polymorph naga warrior -> manticore
 44712 | Snake:4  | XOM: give mutations
 44712 | Snake:4  | Lost mutation: Your system is resistant to poisons. (rPois) [Xom's mischief]
 44712 | Snake:4  | Lost mutation: You have a pair of small horns on your head. [Xom's mischief]
 44712 | Snake:4  | Gained mutation: You occasionally shout uncontrollably at your foes. [Xom's mischief]
 44834 | Snake:4  | XOM: summons 1 hostile shadow creature
 45112 | Snake:4  | XOM: fake destruction
 45123 | Snake:4  | Got a serpentine rune of Zot
 45332 | Snake:4  | XOM: noise
 45405 | Snake:2  | XOM: give mutations
 45405 | Snake:2  | Lost mutation: Your spells are harder to cast, but more powerful. [Xom's mischief]
 45405 | Snake:2  | Lost mutation: You occasionally shout uncontrollably at your foes. [Xom's mischief]
 45405 | Snake:2  | Lost mutation: Your spells are a little harder to cast, but a little more powerful. [Xom's mischief]
 45405 | Snake:2  | Gained mutation: You are frail. (-10% HP) [Xom's mischief]
 45406 | Snake:2  | XOM: noise
 45472 | Lair:4   | XOM: summons 4 hostile shadow creatures
 45489 | Lair:4   | XOM: medium Necr miscast
 45609 | Lair:4   | Cast into level 3 of the Abyss (Xom)
 45645 | Abyss:3  | XOM: give mutations
 45645 | Abyss:3  | Gained mutation: You are dopey. (Int -2) [Xom's mischief]
 45645 | Abyss:3  | Lost mutation: Armour fits poorly on your strangely shaped body. [Xom's mischief]
 45645 | Abyss:3  | Gained mutation: You have a pair of small antennae on your head. [Xom's mischief]
 45645 | Abyss:3  | Lost mutation: You are somewhat resistant to further mutation. [Xom's mischief]
 45714 | Abyss:3  | XOM: mild Hex miscast
 45818 | Abyss:3  | XOM: god gift: gnarled smoking staff {god gift}
 45819 | Abyss:3  | XOM: blink monster(s)
 45820 | Abyss:3  | XOM: noise
 45821 | Abyss:3  | Reached skill level 10 in Armour
 45919 | Abyss:3  | XOM: swap monsters
 45920 | Abyss:3  | Noticed a bone dragon
 45920 | Abyss:3  | XOM: divination: detect items
 45930 | Abyss:3  | XOM: summons 8 hostile demons
 45941 | Abyss:3  | XOM: confusion
 45944 | Abyss:3  | Noticed a bone dragon
 45987 | Abyss:3  | Noticed a bone dragon
 46085 | Abyss:3  | XOM: harmless Chrm miscast
 46100 | Abyss:3  | XOM: mild Tloc miscast
 46196 | Abyss:3  | XOM: fog
 46291 | Abyss:3  | Noticed a lich
 46411 | Abyss:3  | XOM: swap monsters
 46436 | Abyss:3  | XOM: confuse monster(s)
 46518 | Abyss:3  | XOM: polymorph guardian serpent -> komodo dragon
 46611 | Abyss:3  | XOM: confuse monster(s)
 46621 | Abyss:3  | Reached skill level 14 in Stealth
 46738 | Abyss:3  | Noticed a tentacled monstrosity
 46830 | Abyss:3  | XOM: scenery: create altars
 46857 | Abyss:3  | XOM: confusion
 46880 | Abyss:3  | XOM: god gift: crude longbow {god gift}
 46884 | Abyss:3  | XOM: summons 7 friendly demons
 47107 | Abyss:3  | XOM: silly message
 47120 | Abyss:3  | Found a corrupted altar of Lugonu.
 47287 | Abyss:3  | XOM: medium Fire miscast
 47294 | Abyss:3  | XOM: summons 3 hostile demons
 47330 | Abyss:3  | XOM: swap monsters
 47378 | Abyss:3  | Noticed a lich
 47379 | Abyss:3  | Noticed a lich
 47379 | Abyss:3  | Noticed a lich
 47379 | Abyss:3  | Noticed a lich
 47382 | Abyss:3  | Noticed a lich
 47395 | Abyss:3  | Killed a lich
 47397 | Abyss:3  | Got an abyssal rune of Zot
 47420 | Abyss:3  | Killed a lich
 47422 | Lair:4   | Escaped the Abyss
 47459 | Lair:4   | XOM: stat loss: -1 Dex (16/17)
 47587 | D:9      | Bought 2 potions of heal wounds for 290 gold pieces
 47587 | D:9      | Bought a scroll of teleportation for 87 gold pieces
 47680 | Vaults:1 | Entered Level 1 of the Vaults
 47776 | Vaults:1 | XOM: harmless Tloc miscast
 47899 | Vaults:1 | XOM: noise
 47913 | Vaults:1 | XOM: confuse monster(s)
 47938 | Vaults:1 | XOM: confuse monster(s)
 47970 | Vaults:1 | Found a magical portal.
 48179 | WizLab   | Entered The Chambers of the Cloud Mage
 48360 | WizLab   | XOM: smoke on damage
 48378 | WizLab   | HP: 7/145 [air elemental (8)]
 48382 | WizLab   | Slain by an air elemental

Skill      XL: |  1  2  3  4  5  6  7  8  9 10 11 12 13 14 15 16 17 |
---------------+----------------------------------------------------+-----
Dodging        | 3 4 5 6 7 9 10 11 12 13 | 13.4
Fighting       | 3 4 5 6 7 8 9 10 11 | 11.6
Short Blades   | 4 5 7 8 |  8.1
Stealth        | 2 4 6 8 10 11 13 14 | 14.2
Spellcasting   | 9 10 12 13 | 13.2
Hexes          | 9 |  9.2
Earth Magic    | 3 6 7 9 10 11 12 | 12.7
Transmutations | 3 5 7 9 10 | 10.0
Evocations     | 3 5 |  5.5
Armour         | 5 7 8 9 10 | 10.2
Summonings     | 3 6 7 |  7.7
Shields        | 2 4 |  4.0
Translocations | 4 |  4.0
Air Magic      | |  0.2

Action                   |  1- 3 |  4- 6 |  7- 9 | 10-12 | 13-15 | 16-18 || total
-------------------------+-------+-------+-------+-------+-------+-------++-------
Melee: Short sword       |   193 |    87 |       |       |       |       ||   280
       Headbutt          |       |    12 |    31 |       |       |   231 ||   274
       Quick blade       |       |    87 |   671 |   651 |  2326 |  1434 ||  5169
       Peck              |       |       |       |    12 |   611 |   404 ||  1027
Throw: Throwing net      |       |       |       |       |     1 |       ||     1
 Cast: Confuse           |       |       |       |    76 |    13 |       ||    89
       Petrify           |       |       |       |    33 |   209 |   196 ||   438
       Blink             |       |       |       |     3 |     9 |     5 ||    17
       Sticks to Snakes  |       |       |       |     1 |    24 |    11 ||    36
       Yara's Violent Un |       |       |       |       |     9 |    10 ||    19
       Lee's Rapid Decon |       |       |       |       |    19 |    78 ||    97
       Dazzling Spray    |       |       |       |       |    15 |     7 ||    22
       Summon Lightning  |       |       |       |       |     4 |       ||     4
       Passwall          |       |       |       |       |       |    22 ||    22
 Abil: Evoke Berserk Rag |       |       |       |       |       |     1 ||     1
Evoke: Wand              |       |       |     6 |     3 |       |       ||     9
       Sack of spiders   |       |       |       |       |     2 |     2 ||     4
       Lamp of fire      |       |       |       |       |     1 |     2 ||     3
       Fan of gales      |       |       |       |       |     1 |       ||     1
  Use: Potion            |     1 |     1 |       |     6 |     5 |    18 ||    31
       Scroll            |       |     6 |     8 |    19 |    13 |    17 ||    63
 Stab: Sleeping          |     2 |     2 |    11 |    14 |    39 |    23 ||    91
       Confused          |       |     1 |     9 |    49 |    14 |     2 ||    75
       Petrified         |       |     1 |       |    26 |   105 |    55 ||   187
       Distracted        |       |     1 |     3 |     2 |    12 |     4 ||    22
       Paralysed         |       |       |     2 |     1 |       |       ||     3
       Petrifying        |       |       |     1 |     5 |    96 |    98 ||   200
       Invisible         |       |       |       |       |     8 |       ||     8
       Held in net/web   |       |       |       |       |     1 |       ||     1
  Eat: Chunk             |     5 |     8 |    24 |    20 |    72 |    12 ||   141
       Bread ration      |       |       |       |     2 |     1 |     4 ||     7
       Meat ration       |       |       |       |     1 |       |     4 ||     5
       Royal jelly       |       |       |       |       |     1 |     2 ||     3
Armor: Leather armour    |    55 |    30 |    86 |    67 |    27 |       ||   265
       Ring mail         |       |       |       |       |   304 |   254 ||   558
Dodge: Dodged            |   111 |    76 |   286 |   225 |   914 |   722 ||  2334
Block: Other             |       |       |       |       |     8 |       ||     8
       Buckler           |       |       |       |       |    96 |   195 ||   291
